 Dungeon Crawl Stone Soup version 0.26-a0-849-gf1512cd430 (webtiles) character file.

Game seed: 12800482482341432881

0 RaHiT the Sneak (level 1, 0/16 HPs)
             Began as an Octopode Delver on Nov 20, 2020.
             Slain by a ball python (1 damage)
             ... in a sewer.
             The game lasted 00:00:50 (16 turns).

RaHiT the Sneak (Octopode Delver)                     Turns: 16, Time: 00:00:51

Health: 0/16       AC:  1    Str: 11    XL:     1   Next: 10%
Magic:  1/1        EV: 10    Int: 12    God:
Gold:   0          SH:  0    Dex: 13    Spells: 0/0 levels left

rFire    . . .     SeeInvis .     - Unarmed
rCold    . . .     Faith    .   (no shield)
rNeg     . . .     Spirit   .   (helmet restricted)
rPois    .         Reflect  .   (no amulet)
rElec    .         Harm     .   (no ring)
rCorr    .         Rampage  .   (no ring)
MR       .....                  (no ring)
Stlth    ++++......             (no ring)
HPRegen  0.05/turn              (no ring)
MPRegen  0.07/turn              (no ring)
                                (no ring)
                                (no ring)

@: hasted, constricted, very quick
A: almost no armour, stealthy swim, amphibious, 8 rings, constrict 8, camouflage
1, gelatinous body 1
a: no special abilities


You were in a sewer.
You visited 1 branch of the dungeon, and saw 1 of its levels.
You also visited: Sewer.

Inventory:

Wands
 e - a wand of digging (2)
Scrolls
 a - a scroll of fog
 c - a scroll of fear


   Skills:
 - Level 3.0 Fighting
 - Level 2.0 Dodging
 + Level 6.6 Stealth
 - Level 2.0 Unarmed Combat


You couldn't memorise any spells.
You didn't know any spells.
Your spell library was empty.

Dungeon Overview and Level Annotations

Branches:
Dungeon (5/15)              Sewer (1/1)
 Temple: D:4-7

Altars:


Innate Abilities, Weirdness & Mutations

You cannot wear most types of armour.
You are very stealthy in the water. (Stealth+)
You are amphibious.
You can wear up to eight rings at the same time.
You can use your tentacles to constrict eight enemies at once.
Your skin changes colour to match your surroundings (Stealth+).
Your rubbery body absorbs attacks. (AC +1, EV +1)


Message History

There is a gate leading back out of this place here.
The frilled lizard hisses angrily.
You tentacle-slap the frilled lizard. You grab the frilled lizard.
The frilled lizard is severely wounded.
You constrict the frilled lizard.
You kill the frilled lizard!
The leopard gecko misses you.
You see here a frilled lizard corpse.
You closely miss the ball python. Your grab misses the ball python.
The ball python bites you. The ball python grabs you.
The ball python constricts you. The leopard gecko bites you.
You barely miss the ball python. Your grab misses the ball python.
The leopard gecko bites you. The ball python bites you.
The ball python constricts you.
The frilled lizard unfolds its giant frill.
The leopard gecko bites you.
* * * LOW HITPOINT WARNING * * *
You feel yourself speed up. The ball python bites you.
* * * LOW HITPOINT WARNING * * *
You die...

##..#
...#
#..#
##.l##
##....#
#...l.##
#......#
#...l.∩#
##..S@##
##...#
#####


You could see 2 leopard geckos, a ball python and a frilled lizard.

Vanquished Creatures
  A frilled lizard (Sewer)
1 creature vanquished.

Notes
Turn   | Place    | Note
-------+----------+-------------------------------------------
     0 | D:5      | RaHiT the Octopode Delver began the quest for the Orb.
     0 | D:5      | Reached XP level 1. HP: 16/16 MP: 1/1
     4 | D:5      | Found a glowing drain.
     9 | Sewer    | Entered a sewer
    16 | Sewer    | Slain by a ball python

Illustrated notes

Levels and vault maps discovered:
D:5:      layout_basic, nicolae_dithmenos_the_darkroom, gup_sewer_entry_bowl,
          uniq_pikel
Sewer:    sewer_fruit_machine

Action                   || total
-------------------------++-------
Melee: Unarmed           ||     3
       Constrict         ||     1
Evoke: Wand              ||     1
  Use: Scroll            ||     1
       Potion            ||     1
Armor: Skin              ||     1
Dodge: Dodged            ||     1

Table legend: (Time is in decaauts)
 A = Elapsed time spent in this place.
 B = Non-inter-level travel time spent in this place.
 C = Inter-level travel time spent in this place.
 D = Time resting spent in this place.
 E = Time spent auto-exploring this place.
 F = Levels seen in this place.
 G = Mean time per level.
                   A        B        C        D        E       F      G
               +--------+--------+--------+--------+--------+-----+--------+
         Total |     15 |     15 |      0 |      0 |      0 |   2 |    7.5 |
       Dungeon |      9 |      9 |      0 |      0 |      0 |   1 |    9.0 |
         Sewer |      6 |      6 |      0 |      0 |      0 |   1 |    6.0 |
               +--------+--------+--------+--------+--------+-----+--------+

Top non-repeatable levels by time:
     D:5: 9 daAuts
   Sewer: 6 daAuts
